 Dungeon Crawl Stone Soup version 0.18-a0-1220-g2dc6208 (webtiles) character file.

588 Psiweapon the Chucker (level 7, -13/71 HPs)
             Began as an Ogre Hunter on Feb 3, 2016.
             Mangled by Psiweapon's ghost (20 damage)
             ... on level 5 of the Dungeon.
             The game lasted 00:12:13 (4671 turns).

Psiweapon the Chucker (Ogre Hunter)                 Turns: 4671, Time: 00:12:13

Health: -13/71     AC:  4    Str: 18    XL:     7   Next: 38%
Magic:  7/7        EV: 11    Int: 12    God:
Gold:   278        SH:  0    Dex: 10    Spells: 0 memorised, 6 levels left

rFire  + . .     SeeInvis +     C - +0 giant spiked club
rCold  . . .     Gourm    .     q - +1 robe {rF+}
rNeg   . . .     Faith    .     (shield currently unavailable)
rPois  .         Spirit   .     (helmet restricted)
rElec  .         Dismiss  .     (no cloak)
rCorr  .         Reflect  .     (gloves unavailable)
SustAt .         Harm     .     (boots unavailable)
MR     .....                    (no amulet)
Stlth  ++........               (no ring)
                                x - ring of see invisible

@: not resistant to hostile enchantments, unstealthy
A: unfitting armour, tough skin 1
a: no special abilities


You were on level 5 of the Dungeon.
You were hungry.

You visited 2 branches of the dungeon, and saw 6 of its levels.

You collected 278 gold pieces.

Inventory:

Hand Weapons
 a - a +0 whip
 l - a +2 vampiric whip
 s - a +0 flail
 C - a +0 giant spiked club (weapon)
Missiles
 d - 2 throwing nets (quivered)
 r - 31 bolts
 u - 86 stones
 w - 4 tomahawks
 y - a javelin of returning
Armour
 b - a +0 robe
 q - a +1 robe of fire resistance (worn)
Jewellery
 x - a ring of see invisible (left hand)
 F - the amulet of Kefuqif {Faith *Corrode Int+4 SInv}
   (You found it on level 5 of the Dungeon)

   [amulet of faith]

   It allows you to gain divine favour quickly.
   It affects your intelligence (+4).
   It lets you see invisible.
   It may corrode your equipment when you take damage.
Scrolls
 h - 3 scrolls of blinking {unknown}
 i - 5 scrolls of identify {unknown}
 k - 2 scrolls of teleportation {unknown}
 m - a scroll of random uselessness {unknown}
 n - a scroll of remove curse {unknown}
 v - a scroll of magic mapping {unknown}
 A - a scroll of immolation {unknown}
Potions
 e - 3 potions of agility
 g - 3 potions of might {unknown}
 j - 6 potions of curing
 o - a potion of brilliance {unknown}
 z - a potion of poison {unknown}
 B - a potion of mutation {unknown}
 E - a potion of berserk rage {unknown}
Comestibles
 f - a bread ration
 p - 2 royal jellies
 t - a meat ration
 D - 4 fruits


   Skills:
 + Level 4.9 Fighting
 * Level 3.6 Maces & Flails
 + Level 5.4 Throwing
 + Level 4.2 Dodging
 + Level 2.5 Stealth


You had 6 spell levels left.
You didn't know any spells.

Dungeon Overview and Level Annotations

Branches:
Dungeon (5/15)             Temple (1/1) D:4

Altars:
Ashenzari
Cheibriados
Fedhas
Gozag
Okawaru
Qazlal
Ru
Trog
Yredelemnul
The Shining One

Annotations:
D:4 1 runed door
D:5 Psiweapon's ghost, novice TrMo


Innate Abilities, Weirdness & Mutations

You are too large for most types of armour.
You have tough skin (AC +1).


Message History

Psiweapon's ghost is heavily damaged.
Psiweapon's ghost hits you!!
Throwing (i - inventory. (,) - cycle):
c - 2 large rocks (quivered)
Press: ? - help, Shift-Dir - straight line, f/p - Psiweapon's ghost
Aim: Psiweapon's ghost (heavily damaged)
You throw a large rock. The large rock hits Psiweapon's ghost.
Psiweapon's ghost is heavily damaged.
Psiweapon's ghost hits you!!
Throwing (i - inventory. (,) - cycle):
c - a large rock (quivered)
Press: ? - help, Shift-Dir - straight line, f/p - Psiweapon's ghost
Aim: Psiweapon's ghost (heavily damaged)
You throw a large rock.
The large rock misses Psiweapon's ghost.
Psiweapon's ghost whispers, "You will understand me better in a moment."
Psiweapon's ghost hits you!!
* * * LOW HITPOINT WARNING * * *
You hit Psiweapon's ghost but do no damage.
Psiweapon's ghost is heavily damaged.
Psiweapon's ghost hits you!!
You die...

#######
#.....######
#..hh.hW@..#
#..#######.#######
..... #....<..#
#h..W. +.......#
.h..... #.......#
.#h....
####.......#
#.....
...........#
............#
#.#####.....#


You could see Psiweapon's ghost and 3 jackals.

Vanquished Creatures
  An ogre (D:4)
  2 giant frogs (D:4)
  Blork the orc (D:4)
  2 scorpions (D:4)
  An orc wizard (D:4)
  A worker ant (D:4)
  4 gnolls (D:5)
  5 adders
  3 oozes (D:1)
  A worm (D:2)
  2 giant geckos
  3 orcs
  2 giant cockroaches
  12 goblins
  8 hobgoblins
  3 jackals
  6 kobolds
  4 quokkas
  2 ball pythons
  9 bats
  A giant gecko skeleton (D:4)
  3 giant newts
  2 quokka skeletons (D:4)
  5 rats
83 creatures vanquished.

Notes
Turn   | Place    | Note
--------------------------------------------------------------
     0 | D:1      | Psiweapon the Ogre Hunter began the quest for the Orb.
     0 | D:1      | Reached XP level 1. HP: 22/22 MP: 1/1
   286 | D:1      | Reached XP level 2. HP: 29/29 MP: 2/2
   755 | D:1      | Reached XP level 3. HP: 31/36 MP: 3/3
  1807 | D:2      | Reached skill level 1 in Maces & Flails
  1811 | D:2      | Reached skill level 1 in Stealth
  1878 | D:2      | Reached XP level 4. HP: 37/45 MP: 4/4
  2397 | D:3      | Found an opulent altar of Gozag.
  2913 | D:4      | Found a runed door.
  2913 | D:4      | Noticed a human
  2940 | D:4      | Found a basalt altar of Yredelemnul.
  2986 | D:4      | Found a staircase to the Ecumenical Temple.
  2986 | D:4      | Noticed a giant frog
  2997 | D:4      | Killed a giant frog
  2997 | D:4      | Reached XP level 5. HP: 15/54 MP: 5/5
  3011 | Temple   | Entered the Ecumenical Temple
  3189 | D:4      | Noticed an ogre
  3192 | D:4      | Killed an ogre
  3192 | D:4      | Reached skill level 5 in Throwing
  3192 | D:4      | Reached XP level 6. HP: 57/62 MP: 6/6
  3863 | D:4      | Reached XP level 7. HP: 23/71 MP: 7/7
  4180 | D:4      | Found a shattered altar of Ashenzari.
  4224 | D:4      | Noticed Blork the orc
  4229 | D:4      | Killed Blork the orc
  4263 | D:5      | Entered Level 5 of the Dungeon
  4271 | D:5      | Got a steaming lead amulet
  4272 | D:5      | Identified the amulet of Kefuqif {Faith *Corrode Int+4 SInv} (You found it on level 5 of the Dungeon)
  4304 | D:5      | Found a bloodstained altar of Trog.
  4656 | D:5      | Noticed Psiweapon's ghost (novice TrMo)
  4671 | D:5      | Mangled by Psiweapon's ghost

Vault maps used:
D:1:      co_arrival_two_rings
D:2:      minmay_goblin_outpost
D:3:      grunt_gozag_statues
D:4:      kennysheep_mini, minmay_temple_entry_glassed_door,
          dk_yredelemnul_ordeal, uniq_blork_the_orc
D:5:      minmay_goblin_kobold_castle, nicolae_overflow_crystal_walls,
          old_standard_altar, johnstein_pakellas_dig, first_bread
Temple:   temple_island_7

Action                   |  1- 3 |  4- 6 |  7- 9 || total
-------------------------+-------+-------+-------++-------
Melee: Short sword       |    22 |       |       ||    22
       Club              |    27 |       |       ||    27
       Whip              |   107 |    78 |       ||   185
       Giant spiked club |       |    29 |    20 ||    49
Throw: Tomahawk          |       |    14 |       ||    14
       Large rock        |       |    11 |     6 ||    17
       Javelin           |       |     8 |     8 ||    16
  Use: Potion            |       |     1 |     2 ||     3
 Stab: Sleeping          |     2 |     3 |       ||     5
  Eat: Chunk             |     3 |     5 |     2 ||    10
       Bread ration      |     1 |       |       ||     1
       Pizza             |       |     1 |       ||     1
